 Dungeon Crawl Stone Soup version 0.29.0-15-g675c0067aa (webtiles) character file.

Game seed: 13695123828827697220

17548 qw the Cleaver (level 12, -4/75 HPs)
             Began as a Gargoyle Fighter on Sept 11, 2022.
             Was a High Priest of Okawaru.
             Slain by a death scarab (20 damage)
             ... in a Gauntlet.
             The game lasted 00:04:42 (12661 turns).

qw the Cleaver (Gargoyle Fighter)                  Turns: 12661, Time: 00:04:43

Health: -4/75      AC: 37    Str: 28    XL:     12   Next: 49%
Magic:  18/19      EV: 10    Int: 10    God:    Okawaru [*****.]
Gold:   393        SH: 19    Dex: 13    Spells: 11/11 levels left

rFire   + . .      SeeInvis +   u - +4 morningstar (protect)
rCold   + . .      Faith    .   l - +1 kite shield {rC+ rF+}
rNeg    + . .      Spirit   .   j - +2 plate armour "Datsetta" {Str+4 Dex+4 SInv}
rPois   inf        Reflect  +   o - +1 helmet
rElec   +          Harm     .   e - +0 cloak
rCorr   .          Rampage  .   (no gloves)
Will    .....      NoTele   +   s - +1 pair of boots
Stlth   ..........              i - amulet of reflection
HPRegen 0.22/turn               g - +4 ring of protection
MPRegen 0.16/turn               (no ring)

@: heroic, slowed, very slow
A: sickness immunity, AC +8, negative energy resistance 1, electricity
resistance, torment resistance 1, petrification resistance
a: Renounce Religion, Heroism, Finesse, Duel


You were in a Gauntlet.
You worshipped Okawaru.
Okawaru was extremely pleased with you.
You visited 3 branches of the dungeon, and saw 12 of its levels.
You also visited: Sewer and Gauntlet.

You collected 809 gold pieces.
You spent 416 gold pieces at shops.


Innate Abilities, Weirdness & Mutations

You are immune to sickness and miasma.
Your stone body is resilient. (AC +8)
You are immune to poison.
You resist negative energy. (rN+)
You are resistant to electric shocks. (rElec)
You are resistant to unholy torment.
You are immune to petrification.


   Skills:
 + Level 8.3(13.3) Fighting
 - Level 11.0(16.0) Axes
 - Level 3.1(8.1) Throwing
 - Level 8.0(13.0) Armour
 - Level 2.2(7.2) Dodging
 - Level 10.1(15.1) Shields
 - Level 10.0 Invocations


You had 11 spell levels left.
You didn't know any spells.
Your spell library was empty.

Inventory:

Hand Weapons
 t - a +5 broad axe of freezing
 u - a +4 morningstar of protection (weapon)
Missiles
 b - 4 javelins (quivered)
Armour
 e - a +0 cloak (worn)
 j - the +2 plate armour "Datsetta" (worn) {Str+4 Dex+4 SInv}
   (You found it on level 6 of the Dungeon)

   Str:       It affects your strength (+4).
   Dex:       It affects your dexterity (+4).
   SInv:      It lets you see invisible.
 l - a +1 kite shield of resistance (worn)
 n - a +9 plate armour of ponderousness
 o - a +1 helmet (worn)
 s - a +1 pair of boots (worn)
Jewellery
 g - a +4 ring of protection (left hand)
 i - an amulet of reflection (around neck)
Scrolls
 f - 8 scrolls of identify
 h - 3 scrolls of teleportation
 m - a scroll of blinking
Potions
 a - 3 potions of mutation
 c - a potion of lignification
 d - 2 potions of might
 k - 2 potions of haste
 p - a potion of curing
 q - 4 potions of heal wounds

Dungeon Overview and Level Annotations

Branches:
Dungeon (9/15)             Temple (1/1) D:6            Lair (2/5) D:9
    Orc (0/2) D:9           Sewer (visited)         Gauntlet (1/1)
  Swamp: Lair:2-3    Shoals: Lair:2-3     Snake: Lair:2-3    Spider: Lair:2-3

Altars:
Ashenzari
Cheibriados
Dithmenos
Elyvilon
Fedhas
Gozag
Hepliaklqana
Kikubaaqudgha
Makhleb
Nemelex Xobeh
Okawaru
Qazlal
Ru
Sif Muna
Trog
Uskayaw
Vehumet
Wu Jian
Xom
Yredelemnul
Zin
The Shining One

Shops:
D:7 ?   D:9 ([

Annotations:
D:2 1 runed translucent door, Crazy Yiuf
D:6 3 runed translucent doors, qw's ghost, novice DsCA; qw's ghost, novice GrFi; qw's ghost, novice MiBe; qw's ghost, novice MiFi
D:8 1 runed translucent door, qw's ghost, novice GrFi Gauntlet 5 transporters


Message History

12654 ||| INVOKING Heroism.
You gain the combat prowess of a mighty hero.
The death scarab waves its antennae.
You block the death scarab's attack. The death scarab bites you!
You hit the death scarab but do no damage.
You block the death scarab's attack. x2
You barely miss the death scarab. You block the death scarab's attack.
You closely miss the death scarab.
The death scarab's many legs skitter faintly.
You block the death scarab's attack. The death scarab bites you!
The death scarab drains your vigour!
You feel yourself slow down. You block the death scarab's attack.
You miss the death scarab.
The death scarab bites you but does no damage.
The death scarab barely misses you. You block the death scarab's attack. x2
You hit the death scarab. You freeze the death scarab.
The death scarab is moderately damaged.
You block the death scarab's attack. The death scarab closely misses you.
The death scarab bites you! The death scarab drains your vigour!
You feel as though you will be slow longer.
The death scarab bites you but does no damage.
You block the death scarab's attack.
12660 ||| SWAPPING to +4 morningstar of protection.
Your +5 broad axe of freezing stops glowing.
Your +4 morningstar of protection hums with potential!
u - a +4 morningstar of protection (weapon)
The death scarab's many legs skitter faintly.
The death scarab misses you. The death scarab bites you!
The death scarab drains your vigour!
You feel as though you will be slow longer.
You block the death scarab's attack.
You miss the death scarab.
The death scarab is moderately damaged.
The death scarab bites you! The death scarab drains your vigour!
You feel as though you will be slow longer.
You block the death scarab's attack.
The death scarab bites you but does no damage.
The death scarab bites you!!
You die...

## ### ### ### ### ### ##
##~###~###~###~###~###~###~
#~~~#~~~#~~~#~~~#~~~#~~~#~~
#~........................
##...#########...#########
##~...#...Z...#.8.#.......#
#~~...#..#Z#..#...#..)^##.#
##~...#!.#B#..#####..^.##.#
##...#^.#@#Z.#^.^#^###^..#
##~...#..#B#..#...#:###...#
#~~...#=.#.#..#...#.###.#.#
##~...#.......#8^8#.......#
##...#####################
#~........................
#~~~#~~~#~~~#~~~#~~~#~~~#..
##~###~###~###~###~###~###.
## ### ### ### ### ### ##


You could see a spectral eight-headed hydra, a spectral four-headed hydra, a
spectral death yak and 2 death scarabs.

Vanquished Creatures
  A boulder beetle (D:8)
  2 hydras (Lair:1)
  A ghost crab (Gauntlet)
  A two-headed ogre (D:9)
  A centaur warrior (D:8)
  A death scarab (Gauntlet)
  A lindwurm (Lair:1)
  A cyclops (D:8)
  An ugly thing (D:8)
  A black mamba (Lair:2)
  A moth of wrath (Gauntlet)
  2 gargoyles (D:8)
  2 cane toads (Lair:1)
  4 komodo dragons
  A rime drake (Lair:1)
  A troll (D:9)
  A polar bear (Lair:1)
  3 blink frogs (Lair:2)
  A spectral black mamba (Gauntlet)
  Sigmund (D:6)
  A shadow (D:8)
  5 yaks (Lair:1)
  2 large abominations (Gauntlet)
  2 steam dragons
  A basilisk (shapeshifter) (D:8)
  A basilisk (Lair:1)
  A vampire mosquito (D:8)
  An acid dragon (D:9)
  6 water moccasins
  A black bear (Lair:1)
  6 orc warriors
  2 sky beasts
  7 wolves
  3 centaurs
  3 ogres
  3 kobold brigands
  6 small abominations (Gauntlet)
  6 bullfrogs
  A gnoll sergeant (D:8)
  A necrophage (D:6)
  2 scorpions
  5 wights
  6 killer bees
  2 howler monkeys
  2 hounds
  2 jellies
  2 gnoll boudas
  4 orc priests
  4 iguanas
  Ijyb (D:4)
  12 orc wizards
  9 adders
  14 gnolls
  7 river rats
  A shadow imp (D:7)
  5 worms
  4 dart slugs
  24 orcs
  9 endoplasms
  5 giant cockroaches
  12 goblins
  7 hobgoblins
  2 jackals
  3 quokkas
  9 ball pythons
  10 bats
  7 frilled lizards
  17 kobolds
  11 rats
285 creatures vanquished.

Vanquished Creatures (others)
  A fungus (Lair:1)
  19 plants
  4 withered plants
24 creatures vanquished.

Grand Total: 309 creatures vanquished

Notes
Turn   | Place    | Note
-------+----------+-------------------------------------------
     0 | D:1      | qw the Gargoyle Fighter began the quest for the Orb.
     0 | D:1      | Reached XP level 1. HP: 14/14 MP: 1/1
     0 | D:1      | 0 ||| qw: Version: 0.1-a-119-g272c26d
     0 | D:1      | 0 ||| qw: Game counter: 10644
     0 | D:1      | 0 ||| qw: Always use a shield: true
     0 | D:1      | 0 ||| qw: God list: Okawaru
     0 | D:1      | 0 ||| qw: Allow faded altars: false
     0 | D:1      | 0 ||| qw: Do Orc after D:15 true
     0 | D:1      | 0 ||| qw: Do second Lair branch before Depths: true
     0 | D:1      | 0 ||| qw: Lair rune preference: random
     0 | D:1      | 0 ||| qw: Plans: Normal, Zot, God:TSO, Crypt, Tomb, Pan,
                  | Slime, Hells, Zig, Abyss, Orb
     0 | D:1      | 0 ||| PLANNING D:1-11
    92 | D:1      | Reached skill level 2 in Axes
   229 | D:1      | Reached XP level 2. HP: 16/19 MP: 2/2
   851 | D:1      | Reached skill level 3 in Axes
   877 | D:1      | Reached XP level 3. HP: 23/23 MP: 3/3
  1305 | D:1      | 1305 ||| DROPPING ring of flight.
  1306 | D:1      | 1306 ||| READING 4 scrolls labelled WUIQOC DUD PYE.
  1307 | D:1      | 1307 ||| READING 3 scrolls of enchant weapon.
  1307 | D:1      | 1307 ||| ENCHANTING +1 war axe.
  1308 | D:1      | 1308 ||| READING 2 scrolls of enchant weapon.
  1308 | D:1      | 1308 ||| ENCHANTING +2 war axe.
  1309 | D:1      | 1309 ||| READING scroll of enchant weapon.
  1309 | D:1      | 1309 ||| ENCHANTING +3 war axe.
  1310 | D:1      | 1310 ||| READING 3 scrolls labelled ZONURIZURO.
  1311 | D:1      | 1311 ||| READING scroll labelled UTEKHA OLEMN.
  1312 | D:1      | 1312 ||| READING 2 scrolls labelled UGYOSO VIMI.
  1315 | D:1      | 1315 ||| READING scroll labelled WAKKATR FETEAN.
  1434 | D:2      | 1434 ||| STAIRDANCE
  1447 | D:2      | 1447 ||| STAIRDANCE
  1637 | D:2      | 1637 ||| Stepping ~*~*~tactically~*~*~ (stealth).
  1715 | D:2      | 1715 ||| Stepping ~*~*~tactically~*~*~ (stealth).
  1761 | D:2      | Found a basalt altar of Yredelemnul.
  1772 | D:2      | 1772 ||| Stepping ~*~*~tactically~*~*~ (stealth).
  1816 | D:2      | Reached XP level 4. HP: 27/28 MP: 4/4
  1867 | D:2      | 1867 ||| Stepping ~*~*~tactically~*~*~ (stealth).
  1875 | D:2      | Reached skill level 4 in Axes
  2252 | D:2      | Found a runed translucent door.
  2253 | D:2      | Noticed Crazy Yiuf
  2472 | D:2      | 2472 ||| UPGRADING to +0 cloak.
  2477 | D:2      | 2477 ||| READING scroll labelled BEUMAIT NUARGHIR.
  2478 | D:2      | 2478 ||| READING 3 scrolls of identify.
  2478 | D:2      | 2478 ||| IDENTIFYING sedimented brown potion
  2479 | D:2      | 2479 ||| READING 2 scrolls of identify.
  2479 | D:2      | 2479 ||| IDENTIFYING metallic cyan potion
  2480 | D:2      | 2480 ||| DROPPING potion of flight.
  2481 | D:2      | 2481 ||| DROPPING potion of degeneration.
  2566 | D:3      | 2566 ||| Stepping ~*~*~tactically~*~*~ (hiding).
  2783 | D:3      | 2783 ||| Stepping ~*~*~tactically~*~*~ (stealth).
  2784 | D:3      | 2784 ||| Stepping ~*~*~tactically~*~*~ (stealth).
  3133 | D:3      | Reached XP level 5. HP: 32/32 MP: 5/5
  3175 | D:3      | Found a broken altar of Ashenzari.
  3488 | D:3      | 3488 ||| UPGRADING to amulet of reflection.
  3493 | D:3      | 3493 ||| READING scroll labelled CIERET DENAIDD.
  3494 | D:3      | 3494 ||| READING scroll labelled UTHRUCR IKAI.
  3495 | D:3      | 3495 ||| READING scroll labelled ICUING REIBODU.
  3526 | D:4      | 3526 ||| STAIRDANCE
  3531 | D:4      | 3531 ||| STAIRDANCE
  3539 | D:4      | Noticed Ijyb
  3540 | D:4      | 3540 ||| STAIRDANCE
  3557 | D:4      | Killed Ijyb
  3627 | D:4      | 3627 ||| Stepping ~*~*~tactically~*~*~ (stealth).
  3629 | D:4      | 3629 ||| Stepping ~*~*~tactically~*~*~ (hiding).
  3638 | D:4      | Reached skill level 5 in Axes
  3725 | D:4      | Noticed an ogre
  3735 | D:4      | Killed an ogre
  3736 | D:4      | Reached XP level 6. HP: 19/40 MP: 6/6
  3736 | D:4      | 3736 ||| FLEEEEING.
  3737 | D:4      | 3737 ||| FLEEEEING.
  3738 | D:4      | 3738 ||| FLEEEEING.
  3739 | D:4      | 3739 ||| FLEEEEING.
  3743 | D:4      | 3743 ||| FLEEEEING.
  3744 | D:4      | 3744 ||| FLEEEEING.
  3745 | D:4      | 3745 ||| FLEEEEING.
  3746 | D:4      | 3746 ||| FLEEEEING.
  3747 | D:4      | 3747 ||| FLEEEEING.
  3748 | D:4      | 3748 ||| FLEEEEING.
  3749 | D:4      | 3749 ||| FLEEEEING.
  3750 | D:4      | 3750 ||| STAIRDANCE
  3895 | D:3      | 3895 ||| UPGRADING to +2 ring mail of cold resistance.
  3905 | D:3      | 3905 ||| DROPPING +0 scale mail.
  3906 | D:3      | 3906 ||| UPGRADING to +4 ring of protection.
  4095 | D:4      | 4095 ||| Stepping ~*~*~tactically~*~*~ (stealth).
  4126 | D:4      | 4126 ||| DROPPING +0 whip.
  4196 | D:4      | Reached skill level 1 in Dodging
  4457 | D:4      | 4457 ||| UPGRADING to +0 chain mail.
  4467 | D:4      | 4467 ||| READING 2 scrolls of identify.
  4467 | D:4      | 4467 ||| IDENTIFYING metallic orange potion
  4479 | D:5      | Entered Level 5 of the Dungeon
  4480 | D:5      | 4480 ||| PLANNING SEWER
  4484 | D:5      | Reached skill level 6 in Axes
  4484 | D:5      | Reached XP level 7. HP: 44/44 MP: 7/7
  4505 | D:5      | Found a glowing drain.
  4507 | D:5      | 4507 ||| FLEEEEING.
  4508 | D:5      | 4508 ||| FLEEEEING.
  4509 | D:5      | 4509 ||| FLEEEEING.
  4518 | D:5      | 4518 ||| STAIRDANCE
  4522 | D:5      | 4522 ||| STAIRDANCE
  4527 | D:5      | 4527 ||| STAIRDANCE
  4547 | D:5      | 4547 ||| FLEEEEING.
  4548 | D:5      | 4548 ||| FLEEEEING.
  4549 | D:5      | 4549 ||| FLEEEEING.
  4560 | D:5      | 4560 ||| FLEEEEING.
  4561 | D:5      | 4561 ||| FLEEEEING.
  4562 | D:5      | 4562 ||| STAIRDANCE
  4566 | D:5      | 4566 ||| STAIRDANCE
  4571 | D:5      | 4571 ||| STAIRDANCE
  4601 | Sewer    | Entered a sewer
  4856 | Sewer    | 4856 ||| Stepping ~*~*~tactically~*~*~ (water).
  5142 | D:5      | 5142 ||| PLANNING D:1-11
  5354 | D:5      | Reached skill level 7 in Axes
  5509 | D:5      | 5509 ||| Stepping ~*~*~tactically~*~*~ (stealth).
  5510 | D:5      | 5510 ||| Stepping ~*~*~tactically~*~*~ (stealth).
  5512 | D:5      | 5512 ||| Stepping ~*~*~tactically~*~*~ (stealth).
  5522 | D:5      | 5522 ||| Stepping ~*~*~tactically~*~*~ (stealth).
  5721 | D:5      | 5721 ||| UPGRADING to +0 helmet.
  5726 | D:5      | 5726 ||| READING scroll labelled HEINUI FUZOET.
  5727 | D:5      | 5727 ||| READING scroll labelled QUSMUC DELU.
  5728 | D:5      | 5728 ||| DRINKING 2 yellow potions.
  5729 | D:5      | 5729 ||| DROPPING potion of brilliance.
  5767 | D:6      | Noticed a steam dragon
  5776 | D:6      | Killed a steam dragon
  5777 | D:6      | Reached XP level 8. HP: 40/49 MP: 8/8
  5777 | D:6      | 5777 ||| Stepping ~*~*~tactically~*~*~ (cloud).
  5880 | D:6      | Noticed Sigmund
  5899 | D:6      | Killed Sigmund
  6052 | D:6      | Found a staircase to the Ecumenical Temple.
  6053 | D:6      | 6053 ||| PLANNING TEMPLE
  6058 | D:6      | 6058 ||| FLEEEEING.
  6059 | D:6      | 6059 ||| FLEEEEING.
  6060 | D:6      | 6060 ||| FLEEEEING.
  6061 | D:6      | 6061 ||| FLEEEEING.
  6062 | D:6      | 6062 ||| FLEEEEING.
  6063 | D:6      | 6063 ||| Stepping ~*~*~tactically~*~*~ (hiding).
  6078 | D:6      | Reached skill level 8 in Axes
  6078 | D:6      | 6078 ||| READING scroll of enchant weapon.
  6078 | D:6      | 6078 ||| ENCHANTING +4 war axe.
  6089 | Temple   | Entered the Ecumenical Temple
  6254 | Temple   | 6254 ||| PLANNING D:1-11
  6287 | Temple   | Became a worshipper of Warmaster Okawaru
  6375 | D:6      | Identified the +2 plate armour "Datsetta" {Str+4 Dex+4
                  | SInv}
  6394 | D:6      | Found a runed translucent gate.
  6395 | D:6      | Found a runed translucent gate.
  6445 | D:6      | Reached skill level 6 in Fighting
  6588 | D:6      | Reached * piety under Okawaru
  6773 | D:6      | Found a runed translucent gate.
  6774 | D:6      | Noticed qw's ghost (novice MiFi)
  6774 | D:6      | Noticed qw's ghost (novice DsCA)
  6774 | D:6      | Noticed qw's ghost (novice MiBe)
  6774 | D:6      | Noticed qw's ghost (novice GrFi)
  6938 | D:6      | 6938 ||| Stepping ~*~*~tactically~*~*~ (hiding).
  6943 | D:6      | 6943 ||| INVOKING Heroism.
  6948 | D:6      | Reached skill level 1 in Invocations
  7230 | D:6      | 7230 ||| DROPPING +2 ring mail of cold resistance.
  7231 | D:6      | 7231 ||| UPGRADING to +2 plate armour "Datsetta" {Str+4
                  | Dex+4 SInv}.
  7241 | D:6      | 7241 ||| DROPPING +0 chain mail.
  7242 | D:6      | 7242 ||| READING scroll labelled DOTARUR SOUM.
  7243 | D:6      | 7243 ||| READING scroll labelled TAHUAHICUY.
  7244 | D:6      | 7244 ||| READING 4 scrolls of identify.
  7244 | D:6      | 7244 ||| IDENTIFYING sapphire potion
  7261 | D:7      | 7261 ||| STAIRDANCE
  7272 | D:6      | Reached XP level 9. HP: 48/55 MP: 8/10
  7338 | D:7      | 7338 ||| Stepping ~*~*~tactically~*~*~ (stealth).
  7339 | D:7      | 7339 ||| Stepping ~*~*~tactically~*~*~ (stealth).
  7419 | D:7      | Found Galacsuj's Magic Scroll Boutique.
  7420 | D:7      | 7420 ||| INVOKING Heroism.
  7421 | D:7      | 7421 ||| Stepping ~*~*~tactically~*~*~ (cloud).
  7430 | D:7      | Reached skill level 3 in Invocations
  7430 | D:7      | 7430 ||| Stepping ~*~*~tactically~*~*~ (cloud).
  7431 | D:7      | 7431 ||| Stepping ~*~*~tactically~*~*~ (cloud).
  7548 | D:7      | 7548 ||| BUYING 2 scrolls of enchant weapon (225 gold).
  7548 | D:7      | Bought 2 scrolls of enchant weapon for 225 gold pieces
  7548 | D:7      | 7548 ||| BUYING scroll of identify (30 gold).
  7548 | D:7      | Bought a scroll of identify for 30 gold pieces
  7548 | D:7      | 7548 ||| SHOPLISTING scroll of identify (30 gold, have 3).
  7548 | D:7      | 7548 ||| SHOPLISTING scroll of teleportation (45 gold, have
                  | 3).
  7548 | D:7      | 7548 ||| READING 2 scrolls of enchant weapon.
  7548 | D:7      | 7548 ||| ENCHANTING +5 war axe of electrocution.
  7549 | D:7      | 7549 ||| READING scroll of enchant weapon.
  7549 | D:7      | 7549 ||| ENCHANTING +6 war axe of electrocution.
  7765 | D:7      | 7765 ||| DROPPING +0 flail.
  7921 | D:7      | 7921 ||| INVOKING Heroism.
  7929 | D:7      | Reached skill level 9 in Axes
  8050 | D:7      | 8050 ||| READING scroll labelled ELIAPL JI JUMOGU.
  8051 | D:7      | 8051 ||| READING 6 scrolls of identify.
  8051 | D:7      | 8051 ||| IDENTIFYING glowing green potion
  8052 | D:7      | 8052 ||| DROPPING potion of berserk rage.
  8073 | D:8      | Noticed a gargoyle
  8081 | D:8      | 8081 ||| INVOKING Heroism.
  8082 | D:8      | Killed a gargoyle
  8085 | D:8      | Reached ** piety under Okawaru
  8269 | D:8      | 8269 ||| UPGRADING to +0 pair of boots.
  8274 | D:8      | 8274 ||| READING 5 scrolls of identify.
  8274 | D:8      | 8274 ||| IDENTIFYING bubbling cyan potion
  8313 | D:8      | 8313 ||| INVOKING Heroism.
  8314 | D:8      | 8314 ||| STAIRDANCE
  8331 | D:8      | 8331 ||| STAIRDANCE
  8339 | D:7      | Reached skill level 6 in Armour
  8344 | D:8      | 8344 ||| STAIRDANCE
  8356 | D:8      | 8356 ||| STAIRDANCE
  8386 | D:8      | Found a runed translucent door.
  8387 | D:8      | Noticed qw's ghost (novice GrFi)
  8425 | D:8      | 8425 ||| Stepping ~*~*~tactically~*~*~ (stealth).
  8508 | D:8      | 8508 ||| Stepping ~*~*~tactically~*~*~ (hiding).
  8523 | D:8      | 8523 ||| Stepping ~*~*~tactically~*~*~ (stealth).
  8525 | D:8      | 8525 ||| Stepping ~*~*~tactically~*~*~ (stealth).
  8537 | D:8      | 8537 ||| Stepping ~*~*~tactically~*~*~ (hiding).
  8544 | D:8      | 8544 ||| INVOKING Heroism.
  8564 | D:8      | Noticed a red ugly thing
  8572 | D:8      | Killed a red ugly thing
  8572 | D:8      | Reached *** piety under Okawaru
  8573 | D:8      | Reached XP level 10. HP: 63/63 MP: 13/13
  8577 | D:8      | 8577 ||| Stepping ~*~*~tactically~*~*~ (stealth).
  8641 | D:8      | 8641 ||| INVOKING Heroism.
  8649 | D:8      | Reached skill level 10 in Axes
  8673 | D:8      | Identified the +7 trident of Strategic Superiority
                  | {protect, *Slow rN+ Int+2}
  8674 | D:8      | 8674 ||| Stepping ~*~*~tactically~*~*~ (hiding).
  8675 | D:8      | 8675 ||| INVOKING Heroism.
  8704 | D:8      | 8704 ||| DROPPING +4 vorpal flail.
  8707 | D:8      | Noticed a salamander
  8716 | D:8      | a salamander changed into a basilisk
  8725 | D:8      | Noticed a boulder beetle
  8726 | D:8      | 8726 ||| INVOKING Heroism.
  8739 | D:8      | Killed a boulder beetle
  8890 | D:8      | 8890 ||| INVOKING Heroism.
  9017 | D:8      | Noticed a gargoyle
  9018 | D:8      | 9018 ||| Stepping ~*~*~tactically~*~*~ (hiding).
  9032 | D:8      | Killed a gargoyle
  9108 | D:8      | Noticed a cyclops
  9109 | D:8      | 9109 ||| INVOKING Heroism.
  9112 | D:8      | Noticed a centaur warrior
  9116 | D:8      | Killed a cyclops
  9124 | D:8      | Killed a centaur warrior
  9124 | D:8      | Reached **** piety under Okawaru
  9125 | D:8      | Reached skill level 6 in Shields
  9598 | D:8      | 9598 ||| UPGRADING to +1 kite shield of resistance.
  9608 | D:8      | 9608 ||| DROPPING +0 buckler.
  9609 | D:8      | 9609 ||| DROPPING ring of wizardry.
  9627 | D:9      | 9627 ||| Stepping ~*~*~tactically~*~*~ (hiding).
  9664 | D:9      | 9664 ||| INVOKING Heroism.
  9713 | D:9      | 9713 ||| Stepping ~*~*~tactically~*~*~ (stealth).
  9751 | D:9      | 9751 ||| INVOKING Heroism.
  9756 | D:9      | Reached XP level 11. HP: 56/69 MP: 11/14
  9880 | D:9      | Noticed a two-headed ogre
  9881 | D:9      | 9881 ||| INVOKING Heroism.
  9888 | D:9      | Killed a two-headed ogre
  9910 | D:9      | 9910 ||| Stepping ~*~*~tactically~*~*~ (stealth).
  9912 | D:9      | 9912 ||| Stepping ~*~*~tactically~*~*~ (stealth).
  9924 | D:9      | 9924 ||| INVOKING Heroism.
  9933 | D:9      | 9933 ||| Stepping ~*~*~tactically~*~*~ (stealth).
  9964 | D:9      | Found a staircase to the Lair.
 10050 | D:9      | Reached skill level 6 in Invocations
 10125 | D:9      | 10125 ||| INVOKING Heroism.
 10188 | D:9      | Found a stormy altar of Qazlal.
 10190 | D:9      | 10190 ||| Stepping ~*~*~tactically~*~*~ (stealth).
 10192 | D:9      | 10192 ||| Stepping ~*~*~tactically~*~*~ (stealth).
 10207 | D:9      | 10207 ||| Stepping ~*~*~tactically~*~*~ (stealth).
 10208 | D:9      | 10208 ||| Stepping ~*~*~tactically~*~*~ (stealth).
 10210 | D:9      | 10210 ||| Stepping ~*~*~tactically~*~*~ (stealth).
 10214 | D:9      | Found Worphea's Weapon Boutique.
 10219 | D:9      | 10219 ||| Stepping ~*~*~tactically~*~*~ (stealth).
 10223 | D:9      | Found a staircase to the Orcish Mines.
 10224 | D:9      | 10224 ||| Stepping ~*~*~tactically~*~*~ (hiding).
 10226 | D:9      | 10226 ||| Stepping ~*~*~tactically~*~*~ (hiding).
 10249 | D:9      | 10249 ||| Stepping ~*~*~tactically~*~*~ (stealth).
 10252 | D:9      | 10252 ||| INVOKING Heroism.
 10267 | D:9      | Found Bitutz's Armour Boutique.
 10277 | D:9      | 10277 ||| BUYING +1 pair of boots (161 gold).
 10277 | D:9      | Bought a +1 pair of boots for 161 gold pieces
 10277 | D:9      | 10277 ||| SHOPLISTING +2 pair of boots of rampaging (301
                  | gold, have 104).
 10332 | D:9      | 10332 ||| Stepping ~*~*~tactically~*~*~ (hiding).
 10459 | D:9      | 10459 ||| Stepping ~*~*~tactically~*~*~ (stealth).
 10519 | D:9      | 10519 ||| INVOKING Heroism.
 10520 | D:9      | 10520 ||| Stepping ~*~*~tactically~*~*~ (stealth).
 10621 | D:9      | 10621 ||| PLANNING LAIR
 10621 | D:9      | 10621 ||| UPGRADING to +1 pair of boots.
 10631 | D:9      | 10631 ||| DROPPING +0 pair of boots.
 10632 | D:9      | 10632 ||| READING 7 scrolls of identify.
 10632 | D:9      | 10632 ||| IDENTIFYING bubbling purple potion
 10683 | Lair:1   | Entered Level 1 of the Lair of Beasts
 10683 | Lair:1   | Noticed a five-headed hydra
 10684 | Lair:1   | 10684 ||| INVOKING Heroism.
 10685 | Lair:1   | 10685 ||| SWAPPING to +2 flail of protection.
 10692 | Lair:1   | Killed a five-headed hydra
 10693 | Lair:1   | 10693 ||| SWAPPING to +7 war axe of electrocution.
 10757 | Lair:1   | Noticed a lindwurm
 10758 | Lair:1   | 10758 ||| INVOKING Heroism.
 10765 | Lair:1   | Killed a lindwurm
 10779 | Lair:1   | Reached ***** piety under Okawaru
 10858 | Lair:1   | 10858 ||| INVOKING Heroism.
 10870 | Lair:1   | Reached skill level 9 in Shields
 10951 | Lair:1   | 10951 ||| INVOKING Heroism.
 10954 | Lair:1   | 10954 ||| Stepping ~*~*~tactically~*~*~ (stealth).
 11001 | Lair:1   | 11001 ||| Stepping ~*~*~tactically~*~*~ (stealth).
 11008 | Lair:1   | 11008 ||| INVOKING Heroism.
 11148 | Lair:1   | 11148 ||| INVOKING Heroism.
 11206 | Lair:1   | 11206 ||| Stepping ~*~*~tactically~*~*~ (hiding).
 11542 | Lair:1   | 11542 ||| Stepping ~*~*~tactically~*~*~ (stealth).
 11543 | Lair:1   | 11543 ||| Stepping ~*~*~tactically~*~*~ (stealth).
 11544 | Lair:1   | 11544 ||| Stepping ~*~*~tactically~*~*~ (stealth).
 11549 | Lair:1   | 11549 ||| Stepping ~*~*~tactically~*~*~ (stealth).
 11590 | Lair:1   | Noticed a five-headed hydra
 11591 | Lair:1   | 11591 ||| INVOKING Heroism.
 11592 | Lair:1   | 11592 ||| INVOKING Finesse.
 11594 | Lair:1   | 11594 ||| SWAPPING to +2 flail of protection.
 11604 | Lair:1   | Killed a five-headed hydra
 11605 | Lair:1   | Reached skill level 9 in Invocations
 11605 | Lair:1   | Reached XP level 12. HP: 65/75 MP: 11/18
 11605 | Lair:1   | 11605 ||| SWAPPING to +7 war axe of electrocution.
 11752 | Lair:1   | 11752 ||| Stepping ~*~*~tactically~*~*~ (stealth).
 11861 | Lair:1   | 11861 ||| DROPPING +0 cloak of stealth.
 11875 | Lair:2   | 11875 ||| PLANNING GAUNTLET
 11877 | Lair:2   | 11877 ||| READING scroll of enchant armour.
 11877 | Lair:2   | 11877 ||| ENCHANTING +0 helmet.
 11908 | Lair:2   | 11908 ||| INVOKING Heroism.
 11914 | Lair:2   | Reached skill level 1 in Throwing
 12006 | Lair:2   | 12006 ||| INVOKING Heroism.
 12016 | Lair:2   | Received a gift from Okawaru
 12026 | Lair:2   | 12026 ||| SWAPPING to +5 broad axe of freezing.
 12027 | Lair:2   | 12027 ||| DROPPING +7 war axe of electrocution.
 12079 | Lair:2   | Found a gate leading to a gauntlet.
 12092 | Gauntlet | Entered a Gauntlet
 12092 | Gauntlet | Found a transporter.
 12104 | Gauntlet | Found a transporter.
 12104 | Gauntlet | Found a transporter.
 12105 | Gauntlet | Found a transporter.
 12111 | Gauntlet | Noticed a death scarab
 12113 | Gauntlet | Found a transporter.
 12116 | Gauntlet | Found a transporter.
 12117 | Gauntlet | Found a transporter.
 12129 | Gauntlet | Found a transporter.
 12130 | Gauntlet | Found a transporter.
 12133 | Gauntlet | Noticed a ghost crab
 12134 | Gauntlet | Found a transporter.
 12142 | Gauntlet | Found a transporter.
 12143 | Gauntlet | Found a transporter.
 12144 | Gauntlet | Found a transporter.
 12145 | Gauntlet | Noticed a death scarab
 12151 | Gauntlet | Noticed a death scarab
 12154 | Gauntlet | Found a transporter.
 12232 | Gauntlet | 12232 ||| INVOKING Heroism.
 12261 | Gauntlet | Reached skill level 3 in Throwing
 12427 | Gauntlet | 12427 ||| Stepping randomly (stuck).
 12430 | Gauntlet | 12430 ||| INVOKING Heroism.
 12434 | Gauntlet | Killed a death scarab
 12435 | Gauntlet | Reached skill level 11 in Axes
 12551 | Gauntlet | 12551 ||| INVOKING Heroism.
 12552 | Gauntlet | Killed a ghost crab
 12552 | Gauntlet | Received a gift from Okawaru
 12553 | Gauntlet | 12553 ||| Stepping ~*~*~tactically~*~*~ (cloud).
 12644 | Gauntlet | 12644 ||| DROPPING +2 flail of protection.
 12654 | Gauntlet | 12654 ||| INVOKING Heroism.
 12660 | Gauntlet | 12660 ||| SWAPPING to +4 morningstar of protection.
 12661 | Gauntlet | HP: 16/75 [death scarab (17)]
 12661 | Gauntlet | Slain by a death scarab

Levels and vault maps discovered:
D:1:      psy_arrival_statuary, layout_basic
D:2:      minmay_angry_zag, layout_loops_ring, basic_altar, grunt_ministairs_10,
          minmay_pentomino_v2, uniq_crazy_yiuf_cottage
D:3:      layout_loops_ring, nicolae_ashenzari_panopticon, serial_bayou,
          serial_bayou_pond_c, serial_bayou_shore_b, serial_bayou_pond_a,
          serial_bayou_shore_b
D:4:      layout_rooms, uniq_ijyb
D:5:      layout_rooms, portal_sewer_entry_a
D:6:      layout_cave_pods, minmay_temple_entry_ruins, gammafunk_ghost_cemetery,
          kennysheep_nub, uniq_sigmund
D:7:      layout_loops_cross, serial_shops, shop_scrolls
D:8:      minmay_diamond_stairs, layout_cave_pods, enter_bailey_3,
          gammafunk_ghost_grave
D:9:      layout_roguey, grunt_qazlal_sundering, lair_entry_dummy, orc_david_3,
          billiards_dpeg
Temple:   nicolae_temple_slightly_damp_pantheon
Lair:1:   layout_loops_ring, st_stairs_8, beast_lair_carwin_3,
          lemuel_fruit_fields
Lair:2:   layout_hall_layers, dummy_snake_entry, gauntlet_entry_generic,
          uniq_erica, uniq_harold
Gauntlet: gammafunk_gauntlet_77_escape_option [minmay_gauntlet_arena_77_box,
          minmay_gauntlet_arena_77_hold_the_fort,
          minmay_gauntlet_arena_77_two_lines,
          minmay_gauntlet_arena_77_block_sizes,
          minmay_gauntlet_arena_77_chump_sandwich, gauntlet_exit_hidden_loot]

Skill      XL: |  1  2  3  4  5  6  7  8  9 10 11 12 |
---------------+-------------------------------------+-----
Axes           | 2 3 4 5 6 7 8 9 10 11 | 11.0
Fighting       | 4 5 6 7 8 |  8.3
Dodging        | 1 2 |  2.2
Armour         | 4 5 6 8 |  8.0
Invocations    | 2 4 5 9 10 | 10.0
Shields        | 4 7 9 10 | 10.1
Throwing       | 3 |  3.1

Action                   |  1- 3 |  4- 6 |  7- 9 | 10-12 || total
-------------------------+-------+-------+-------+-------++-------
Melee: War axe           |   103 |   121 |   252 |   213 ||   689
       Flail             |       |       |       |    16 ||    16
       Broad axe         |       |       |       |    66 ||    66
       Morningstar       |       |       |       |     1 ||     1
Throw: Javelin           |       |       |       |     9 ||     9
Invok: Heroism           |       |       |     6 |    25 ||    31
       Finesse           |       |       |       |     1 ||     1
  Use: Scroll            |     8 |     7 |    11 |     2 ||    28
       Potion            |       |       |     1 |       ||     1
Armor: Scale mail        |    48 |    44 |       |       ||    92
       Ring mail         |       |    16 |       |       ||    16
       Chain mail        |       |       |    79 |       ||    79
       Plate armour      |       |       |    53 |   128 ||   181
Dodge: Dodged            |    46 |    44 |    65 |    68 ||   223
Block: Buckler           |    22 |    34 |   100 |    35 ||   191
       Reflection        |       |       |     2 |     7 ||     9
       Kite shield       |       |       |       |   211 ||   211

Table legend:
 A = Non-vault XP
 B = Vault XP
 C = Vault XP percentage of total XP
 D = Non-vault monster count
 E = Vault monster count
 F = Vault count percentage of total count
                 A         B        C        D         E       F
            +---------+---------+-------+---------+---------+-------
      Total |   13486 |   11583 |  46.2 |     203 |      82 |  28.8
            +---------+---------+-------+---------+---------+-------
        D:1 |      51 |       0 |   0.0 |      27 |       0 |   0.0
        D:2 |      46 |      42 |  47.7 |      13 |      10 |  43.5
        D:3 |      40 |       0 |   0.0 |      16 |       0 |   0.0
        D:4 |     383 |      35 |   8.4 |      23 |       1 |   4.2
        D:5 |     404 |      16 |   3.8 |      14 |       4 |  22.2
        D:6 |    1040 |     231 |  18.2 |      17 |       1 |   5.6
        D:7 |     878 |       0 |   0.0 |      20 |       0 |   0.0
        D:8 |    1385 |    3812 |  73.4 |      26 |      13 |  33.3
        D:9 |    2351 |     550 |  19.0 |      23 |       9 |  28.1
     Lair:1 |    4961 |    2180 |  30.5 |      17 |       7 |  29.2
     Lair:2 |    1947 |       0 |   0.0 |       7 |       0 |   0.0
      Sewer |       0 |     120 | 100.0 |       0 |      19 | 100.0
   Gauntlet |       0 |    4597 | 100.0 |       0 |      18 | 100.0
            +---------+---------+-------+---------+---------+-------
